 Dungeon Crawl Stone Soup version 0.25.1-2-g60ff931df9 (webtiles) character file.

Game seed: 8304012308019295414

3562 protoss039 the Thaumaturge (level 9, -1/54 HPs)
             Began as a Deep Elf Earth Elementalist on Aug 10, 2020.
             Was a Believer of Sif Muna.
             Slain by a killer bee (9 damage)
             ... on level 7 of the Dungeon.
             The game lasted 00:24:37 (9231 turns).

protoss039 the Thaumaturge (DEEE)                   Turns: 9231, Time: 00:24:38

Health: -1/54      AC:  5    Str:  5    XL:     9   Next: 83%
Magic:  7/25       EV: 13    Int: 24    God:    Sif Muna [**....]
Gold:   269        SH:  5    Dex: 15    Spells: 14/29 levels left

rFire    . . .     SeeInvis .   k - +1 spear (venom)
rCold    . . .     Gourm    .   (no shield)
rNeg     . . .     Faith    .   c - +0 robe
rPois    .         Spirit   .   o - +0 helmet
rElec    .         Reflect  +   x - scarf {+Inv}
rCorr    .         Harm     .   h - +0 pair of gloves (curse)
MR       .....                  r - +0 pair of boots
Stlth    ++........             z - amulet of reflection
HPRegen  0.18/turn              (no ring)
MPRegen  0.19/turn              (no ring)

@: lethally poisoned (-1 -> -5)
A: no striking features
a: Channel Magic, Renounce Religion, Evoke Invisibility


You were on level 7 of the Dungeon.
You worshipped Sif Muna.
Sif Muna was pleased with you.
You were not hungry.

You visited 1 branch of the dungeon, and saw 7 of its levels.
You also visited: Sewer.

You collected 386 gold pieces.
You spent 117 gold pieces at shops.

Inventory:

Hand Weapons
 k - a +1 spear of venom (weapon)
 D - a +2 whip of flaming
Missiles
 b - 96 stones (quivered)
Armour
 c - a +0 robe (worn)
 h - a cursed +0 pair of gloves (worn)
 o - a +0 helmet (worn)
 r - a +0 pair of boots (worn)
 x - a scarf of invisibility (worn)
Jewellery
 z - an amulet of reflection (around neck)
 B - an uncursed amulet of regeneration
Wands
 l - a wand of polymorph (7)
 C - a wand of digging (3)
Scrolls
 a - a scroll of blinking
 j - 2 scrolls of fear
 m - a scroll of magic mapping
 q - 3 scrolls of remove curse {unknown}
 u - 4 scrolls of immolation {unknown}
 y - a scroll of teleportation
Potions
 e - a potion of berserk rage {unknown}
 f - 4 potions of stabbing {unknown}
 g - a potion of resistance {unknown}
 i - 2 potions of invisibility
 n - 7 potions of curing
 p - a potion of brilliance {unknown}
 s - 3 potions of heal wounds
 t - 2 potions of flight
 v - 3 potions of cancellation {unknown}
 w - 2 potions of ambrosia {unknown}
Comestibles
 d - 8 rations
 A - a chunk of flesh


   Skills:
 * Level 5.0 Fighting
 - Level 3.0 Dodging
 - Level 3.0 Stealth
 + Level 10.7 Spellcasting
 + Level 2.6 Conjurations
 - Level 1.1 Transmutations
 + Level 8.7 Earth Magic
 * Level 6.1 Invocations


You had 14 spell levels left.
You knew the following spells:

 Your Spells              Type           Power        Failure   Level  Hunger
a - Sandblast             Erth           ######       1%          1    None
b - Passwall              Tmut/Erth      #####...     1%          2    None
c - Stone Arrow           Conj/Erth      #####.       1%          3    None
d - Petrify               Tmut/Erth      #####...     6%          4    None
e - Lee's Rapid Deconstr  Erth           ######....   3%          5    ####...

Your spell library contained the following spells:

 Spells                   Type           Power        Failure   Level  Hunger
 Magic Dart               Conj           ####         1%          1    None
 Searing Ray              Conj           ####..       2%          2    None
 Summon Small Mammal      Summ           ##..         4%          1    None
 Call Imp                 Summ           ##......     8%          2    None
 Dazzling Flash           Conj/Hex       ###...       9%          3    None
 Call Canine Familiar     Summ           ##......     14%         3    None
 Summon Guardian Golem    Hex/Summ       ##......     14%         3    None
 Fulminant Prism          Conj/Hex       ###.......   28%         4    None
 Iskenderun's Mystic Bla  Conj/Tloc      ###.....     28%         4    None
 Summon Ice Beast         Ice/Summ       ##......     43%         4    None
 Summon Lightning Spire   Summ/Air       ##......     43%         4    None


Dungeon Overview and Level Annotations

Branches:
Dungeon (7/15)             Temple (0/1) D:4           Sewer (visited)

Altars:
Ashenzari
Cheibriados
Dithmenos
Elyvilon
Fedhas
Hepliaklqana
Nemelex Xobeh
Okawaru
Sif Muna
Trog
Zin
The Shining One

Shops:
D:6 *


Message History

Unknown command.
Casting: Sandblast (safe; 1% risk of failure)
Confirm with . or Enter, or press ? or * to list all spells.
Aiming: Sandblast (safe; 1% risk of failure)
Press: ? - help, Shift-Dir - straight line, f - killer bee
Aim: a killer bee The blast of sand hits the killer bee.
The killer bee is lightly wounded.
b - 97 stones You feel sick.
The killer bee misses you. The killer bee closely misses you.
Casting: Sandblast (safe; 1% risk of failure)
Confirm with . or Enter, or press ? or * to list all spells.
Aiming: Sandblast (safe; 1% risk of failure)
Press: ? - help, Shift-Dir - straight line, f/p - killer bee
Aim: a killer bee (lightly wounded)
The blast of sand hits the killer bee.
The killer bee is heavily wounded.
b - 96 stones You feel sick.
The killer bee stings you!
You die...

### #.#####################
#.....................#
#.###################.# #.#
#.#####
#.###################......
######..........†........#######
#..............@y†....)..
#.######################.
#.########.........#...#
#.##....##)#######.#.#.#
#.##....##.# #.#.#.#
##.##....##)# #.#.#.#
....'....##)# #.#...#
##.##....##.# #.#.#.#
##.#####.##.#######.#.#.#


You could see a killer bee.

Vanquished Creatures
  Pikel (D:6)
  Grinder (D:4)
  Sigmund (D:6)
  Menkaure (D:5)
  2 orc warriors
  4 slaves (D:6)
  An ogre (D:6)
  An ice beast (D:5)
  2 sky beasts (D:5)
  A necrophage (D:7)
  4 centaurs
  A big kobold (Sewer)
  4 bullfrogs
  3 scorpions
  8 killer bees (D:7)
  A howler monkey (D:4)
  3 orc priests (D:6)
  A centaur zombie (D:5)
  5 orc wizards (D:6)
  2 hounds
  A bullfrog skeleton (D:5)
  3 iguanas
  5 worker ants
  A killer bee zombie (D:6)
  2 hound skeletons (D:6)
  2 gnolls (D:5)
  9 adders
  A river rat (Sewer)
  A shadow imp (D:6)
  An ooze (D:5)
  An adder skeleton (D:6)
  5 worms
  5 leopard geckos
  16 orcs
  8 giant cockroaches
  9 hobgoblins
  5 jackals
  4 quokkas
  8 bats
  4 frilled lizards
  12 goblins
  A jackal zombie (D:5)
  10 kobolds
  A quokka zombie (D:6)
  11 rats
173 creatures vanquished.

Vanquished Creatures (others)
  A kobold (Sewer)
1 creature vanquished.

Grand Total: 174 creatures vanquished

Notes
Turn   | Place    | Note
-------+----------+-------------------------------------------
     0 | D:1      | protoss039 the Deep Elf Earth Elementalist began the quest
                  | for the Orb.
     0 | D:1      | Reached XP level 1. HP: 10/10 MP: 6/6
   424 | D:1      | Reached XP level 2. HP: 14/15 MP: 4/8
  1173 | D:2      | Found a shadowy altar of Dithmenos.
  1248 | D:2      | Reached XP level 3. HP: 16/19 MP: 9/9
  1417 | D:2      | Found a snail-covered altar of Cheibriados.
  1418 | D:2      | Found an iron altar of Okawaru.
  1419 | D:2      | Found a glowing silver altar of Zin.
  1708 | D:2      | Found a shimmering blue altar of Sif Muna.
  1710 | D:2      | Found a shattered altar of Ashenzari.
  1713 | D:2      | Found a hazy altar of Hepliaklqana.
  1713 | D:2      | Found a bloodstained altar of Trog.
  1717 | D:2      | Became a worshipper of Sif Muna the Loreminder
  1889 | D:2      | Reached skill level 4 in Spellcasting
  1889 | D:2      | Reached skill level 1 in Invocations
  1889 | D:2      | Reached XP level 4. HP: 19/24 MP: 12/12
  1953 | D:2      | Found a glowing golden altar of the Shining One.
  2574 | D:3      | Learned a level 2 spell: Passwall
  2578 | D:3      | Learned a level 3 spell: Stone Arrow
  2629 | D:3      | Reached skill level 1 in Fighting
  2916 | D:3      | Found a sparkling altar of Nemelex Xobeh.
  3618 | D:3      | Reached XP level 5. HP: 25/29 MP: 10/13
  4314 | D:4      | Found a blossoming altar of Fedhas.
  4315 | D:4      | Noticed a centaur
  4450 | D:4      | Found a glowing drain.
  4457 | D:4      | Reached skill level 5 in Spellcasting
  4470 | Sewer    | Entered a sewer
  4631 | Sewer    | Reached XP level 6. HP: 9/35 MP: 12/16
  4888 | Sewer    | Reached * piety under Sif Muna
  4915 | Sewer    | Found a glowing silver altar of Zin.
  4974 | D:4      | Found a staircase to the Ecumenical Temple.
  5047 | D:4      | Noticed Grinder
  5058 | D:4      | Killed Grinder
  5058 | D:4      | Reached skill level 6 in Spellcasting
  5058 | D:4      | Reached skill level 5 in Earth Magic
  5058 | D:4      | Reached XP level 7. HP: 8/40 MP: 4/18
  5601 | D:4      | Learned a level 4 spell: Petrify
  5607 | D:4      | Learned a level 5 spell: Lee's Rapid Deconstruction
  5975 | D:5      | Entered Level 5 of the Dungeon
  5975 | D:5      | Noticed Menkaure
  5979 | D:5      | Killed Menkaure
  5982 | D:5      | Reached skill level 7 in Spellcasting
  6405 | D:5      | Reached XP level 8. HP: 37/46 MP: 2/21
  6669 | D:5      | Found an iron altar of Okawaru.
  6872 | D:6      | Found Iqekim's Assorted Antiques.
  6945 | D:6      | Bought an amethyst potion for 21 gold pieces
  6945 | D:6      | Bought a scroll of identify for 48 gold pieces
  6945 | D:6      | Bought a scroll labeled NERGHAG VEUJU for 24 gold pieces
  6945 | D:6      | Bought a scroll labeled MERID ODAY for 24 gold pieces
  6966 | D:6      | Reached ** piety under Sif Muna
  6976 | D:6      | Reached skill level 1 in Conjurations
  6981 | D:6      | Reached skill level 8 in Spellcasting
  7333 | D:6      | Noticed Sigmund
  7340 | D:6      | Killed Sigmund
  7340 | D:6      | Reached skill level 9 in Spellcasting
  7482 | D:6      | Reached skill level 5 in Invocations
  7737 | D:6      | Reached XP level 9. HP: 52/52 MP: 16/24
  7952 | D:6      | Noticed Pikel
  8084 | D:6      | Killed Pikel
  8388 | D:7      | Reached skill level 10 in Spellcasting
  9066 | D:7      | Found a white marble altar of Elyvilon.
  9229 | D:7      | Reached skill level 5 in Fighting
  9231 | D:7      | Slain by a killer bee

Illustrated notes

Levels and vault maps discovered:
D:1:      wheals_arrival_shading, layout_loops_ring
D:2:      layout_basic, nicolae_tso_swordbearing_angel,
          nicolae_dithmenos_shadow_blocks, grunt_temple_overflow_open,
          gammafunk_temple_overflow_forgotten
D:3:      layout_basic, nemelex_xobeh_ov_fountains_minmay,
          kennysheep_generic_room_8
D:4:      layout_loops_corners, minmay_temple_entry_offerings,
          portal_sewer_entry_f, fedhas_bush_and_centaur_altar, uniq_grinder
D:5:      layout_rooms, first_ration, okawaru_altar_gauntlet_db, uniq_menkaure
D:6:      layout_basic, serial_shops, shop, uniq_sigmund, uniq_pikel
D:7:      layout_basic, elyvilon_altar_5

Skill      XL: |  1  2  3  4  5  6  7  8  9 |
---------------+----------------------------+-----
Dodging        | 3 |  3.0
Stealth        | 3 |  3.0
Earth Magic    | 4 5 6 7 8 |  8.7
Spellcasting   | 4 5 6 7 9 10 | 10.7
Invocations    | 1 2 3 5 6 |  6.1
Fighting       | 1 2 3 4 5 |  5.0
Conjurations   | 2 |  2.6
Transmutations | |  1.1

Action                   |  1- 3 |  4- 6 |  7- 9 || total
-------------------------+-------+-------+-------++-------
Melee: Short sword       |    29 |       |       ||    29
       Spear             |    78 |    83 |    36 ||   197
 Cast: Sandblast         |    14 |    38 |    75 ||   127
       Stone Arrow       |       |     1 |    57 ||    58
       Lee's Rapid Decon |       |       |    11 ||    11
       Petrify           |       |       |     1 ||     1
  Use: Potion            |       |     2 |     1 ||     3
       Scroll            |       |       |     9 ||     9
 Stab: Sleeping          |     3 |     6 |     3 ||    12
  Eat: Chunk             |     3 |     9 |    12 ||    24
       Ration            |       |       |     1 ||     1
Armor: Robe              |    13 |     6 |    11 ||    30
Dodge: Dodged            |    68 |    41 |    76 ||   185
Block: Other             |       |       |    14 ||    14
       Reflection        |       |       |     1 ||     1
